 Dungeon Crawl Stone Soup version 0.32-a0-720-g1d96ad090f (webtiles) character file.

Game seed: 8887558047608103762

22026 Querens the Eclecticist (level 12, -10/59 HPs)
             Began as a Deep Elf Conjurer on Mar 16, 2024.
             Was a Priest of Vehumet.
             Mangled by a boulder beetle (43 damage)
             ... on level 13 of the Dungeon.
             The game lasted 01:06:57 (9012 turns).

Querens the Eclecticist (Deep Elf Conjurer)         Turns: 9012, Time: 01:06:59

Health: -10/59     AC:  8    Str:  4    XL:     12   Next: 59%
Magic:  9/44       EV: 11    Int: 29    God:    Vehumet [***...]
Gold:   228        SH:  5    Dex: 13    Spells: 27/46 levels left

rFire   + . .        Q - +3 scimitar (flame)
rCold   + + .        (no shield)
rNeg    . . .        M - +0 robe {rC+}
rPois   .            m - +2 hat
rElec   .            J - scarf {rC+ rF+}
rCorr   .            (no gloves)
SInv    .            (no boots)
Will    +....        I - amulet of reflection
Stlth   ++           P - ring of magical power
HPRegen 0.29/turn    V - +4 ring of protection
MPRegen 0.29/turn

%: reflection
@: no status effects
A: no striking features
a: Renounce Religion


You were on level 13 of the Dungeon.
You worshipped Vehumet.
Vehumet was most pleased with you.
You visited 2 branches of the dungeon, and saw 16 of its levels.
You also visited: Ossuary and Gauntlet.

You collected 669 gold pieces.
You spent 441 gold pieces at shops.

Inventory:

Hand Weapons
 Q - a +3 scimitar of flaming (weapon)
Missiles
 T - 2 curare-tipped darts
Armour
 m - a +2 hat (worn)
 x - a +0 cloak
 J - a scarf of resistance (worn)
 M - a +0 robe of cold resistance (worn)
 W - the +3 ring mail of Unreason {Harm rPois Dex+2 Stlth+}
   (You found it in a Gauntlet)

   Dex+2:     It affects your dexterity (+2).
   rPois:     It protects you from poison.
   Harm:      It increases damage dealt and taken.
   Stlth+:    It makes you more stealthy.
 Y - the +0 hat of Eternity {rF+ Will+ Int-2}
   (You found it in a Gauntlet)

   Int-2:     It affects your intelligence (-2).
   rF+:       It protects you from fire.
   Will+:     It increases your willpower.
Magical Staves
 a - a staff of cold
 j - a staff of death
Jewellery
 g - a +6 ring of strength
 D - a ring of ice
 G - a ring of flight
 I - an amulet of reflection (around neck)
 K - a ring of fire
 N - a +6 ring of dexterity
 P - a ring of magical power (left hand)
 V - a +4 ring of protection (right hand)
 X - a +6 ring of dexterity
Talismans
 f - a storm talisman
 p - a flux talisman
Wands
 i - a wand of warping (8)
 o - a wand of flame (8)
 A - a wand of light (10)
 O - a wand of mindburst (16)
Scrolls
 d - 4 scrolls of amnesia
 k - 5 scrolls of enchant weapon
 l - 2 scrolls of revelation
 n - 2 scrolls of poison {unknown}
 q - 3 scrolls of noise
 r - 5 scrolls of vulnerability
 s - 8 scrolls of teleportation
 t - 6 scrolls of fog
 y - 4 scrolls of immolation
 E - 2 scrolls of enchant armour
 H - 2 scrolls of blinking {unknown}
Potions
 b - a potion of magic
 c - 4 potions of curing
 h - 6 potions of lignification
 u - 4 potions of cancellation
 v - a potion of might {unknown}
 w - 4 potions of enlightenment
 z - a potion of haste
 B - 3 potions of berserk rage
 C - 2 potions of mutation
 F - a potion of ambrosia {unknown}
 L - a potion of resistance {unknown}
 R - a potion of attraction
 S - a potion of brilliance


   Skills:
 - Level 2.4 Dodging
 - Level 2.4 Stealth
 + Level 17.5 Spellcasting
 + Level 15.3 Conjurations
 - Level 10.0 Translocations
 + Level 1.1 Fire Magic


You had 27 spell levels left.
You knew the following spells:

 Your Spells              Type           Power      Damage    Failure   Level
a - Magic Dart            Conj           100%       1d8       0%          1
b - Searing Ray           Conj           100%       2d8       0%          2
c - Iskenderun's Mystic   Conj/Tloc      78%        2d16      1%          4
d - Fulminant Prism       Conj/Alch      31%        3d16      1%          4
e - Blink                 Tloc           100%       N/A       1%          2
f - Starburst             Conj/Fire      32%        6d10      2%          6

Your spell library contained the following spells:

 Spells                   Type           Power      Damage    Failure   Level
 Brom's Barrelling Bould  Conj/Erth      63%        2d8       1%          4
 Foxfire                  Conj/Fire      100%       2x1d9     1%          1
 Summon Small Mammal      Summ           100%       N/A       1%          1
 Scorch                   Fire           62%        2d7       1%          2
 Volatile Blastmotes      Fire/Tloc      100%       2d18      1%          3
 Flame Wave               Conj/Fire      64%        2d15      1%          4
 Manifold Assault         Tloc           70%        N/A       1%          4
 Call Imp                 Summ           50%        N/A       2%          2
 Cigotuvi's Dreadful Rot  Necr/Alch/Air  50%        N/A       2%          2
 Call Canine Familiar     Summ           25%        N/A       5%          3
 Fugue of the Fallen      Necr           25%        N/A       5%          3
 Ozocubu's Armour         Ice            25%        N/A       5%          3
 Summon Blazeheart Golem  Fire/Summ      28%        N/A       14%         4
 Dispel Undead            Necr           25%        3d12      17%         4
 Leda's Liquefaction      Alch/Erth      12%        N/A       17%         4
 Martyr's Knell           Necr/Summ      25%        N/A       17%         4
 Petrify                  Alch/Erth      25%        N/A       17%         4
 Metabolic Englaciation   Hex/Ice        12%        N/A       43%         5
 Plasma Beam              Fire/Air       14%        2x1d25    45%         6
 Summon Cactus Giant      Summ           12%        N/A       95%         6


Dungeon Overview and Level Annotations

Branches:
Dungeon (15/15)            Temple (1/1) D:6            Lair (0/5) D:10
Ossuary (visited)         Gauntlet (visited)
    Orc: D:9-12      Vaults: D:13-14     Depths: D:15

Altars:
Ashenzari
Cheibriados
Dithmenos
Elyvilon
Fedhas
Gozag
Hepliaklqana
Kikubaaqudgha
Makhleb
Nemelex Xobeh
Okawaru
Qazlal
Ru
Sif Muna
Trog
Uskayaw
Vehumet
Wu Jian
Xom
Yredelemnul
Zin
The Shining One

Shops:
D:2 ?   D:6 (:   D:9 !!(?!   D:11 (

Annotations:
D:6 hitsuchi's ghost, novice MDCA
D:8 2 transporters, Stonecrops's ghost, novice FoFi


Message History

Aiming: Polymorph
Press: ? - help, Shift-Dir - straight line, f - boulder beetle
Aim: a boulder beetle (rolling, will become a snapping turtle, a shock serpent, or a bunyip, chance to affect: 31%)
The boulder beetle easily resists.
Aiming: Polymorph
Press: ? - help, Shift-Dir - straight line, f/p - boulder beetle
Aim: a boulder beetle (rolling, will become a snapping turtle, a shock serpent, or a bunyip, chance to affect: 31%)
The boulder beetle easily resists.
The now-empty wand crumbles to dust.
Okay, then.
Unknown command.
Throw: 3 darts (curare)
Press: ? - help, Shift-Dir - straight line, f/p - boulder beetle
Aim: a boulder beetle (rolling, 88% to hit)
Okay, then.
Unknown command.
Aiming: Bolt of Light
Press: ? - help, Shift-Dir - straight line, f/p - boulder beetle
Aim: a boulder beetle (rolling, 100% to hit)
The bolt of light hits the boulder beetle!
The boulder beetle is lightly wounded.
The boulder beetle is blinded.
Unknown command.
Okay, then.
Aiming: Magic Dart (safe; 0% risk of failure)
Press: ? - help, Q - select action, (/) - cycle Shift-Dir - straight line, f/p - boulder beetle
Aim: a boulder beetle (lightly wounded, rolling, blind, unable to see you, 100% to hit)
Okay, then.
Unknown command.
Throw: 3 darts (curare)
Press: ? - help, Shift-Dir - straight line, f/p - boulder beetle
Aim: a boulder beetle (lightly wounded, rolling, blind, unable to see you, 88% to hit)
You throw a curare-tipped dart.
The curare-tipped dart hits the boulder beetle.
The boulder beetle is poisoned.
The boulder beetle struggles to breathe.
The boulder beetle seems to slow down.
The boulder beetle is moderately wounded.
The boulder beetle hits you!!!
Ouch! That really hurt!
You die...

,,........######.#######'##.#....
,,........'.∩..#.#........#.#####
,,......###....#z#........#......
#########......#.#........#......
...............#.#.....)..#......
...............#.#........#......
...............#.#........+......
..†............#.##########......
....############@B°°.............
....*,,,,........................
....',,,,........................
####*,,,*######...(..........####
,,,,,,,,* #..............#,,,
,,,,,,,,* #..########....#,,,
,,,,,,,,* #..# #....#,,,
,,,,,,,,* #..# *,,,,*,,,
******,,* *,,* *,,,,*,,,


You could see a boulder beetle (rolling, blind, unable to see you, very
poisoned, slow) and a skeletal warrior.

Vanquished Creatures
  A minotaur (Gauntlet)
  A hydra (D:11)
  A centaur warrior (D:11)
  A two-headed ogre (D:11)
  Erica (D:8)
  A boulder beetle (D:13)
  A fire crab (Gauntlet)
  A necromancer (Gauntlet)
  A sphinx simulacrum (D:14)
  A manticore (D:13)
  3 cyclopes
  An ice statue (D:10)
  Joseph (D:9)
  A gargoyle (D:11)
  5 kobold demonologists
  An unseen horror (D:11)
  Psyche (D:8)
  A tengu conjurer (D:13)
  3 trolls
  A polar bear (shapeshifter) (D:13)
  A hornet (D:9)
  2 dream sheep (D:11)
  5 slime creatures (D:13)
  4 fire bats (Gauntlet)
  2 wyverns (D:8)
  3 wraiths
  5 vampire mosquitoes
  3 steam dragons
  6 yaks (D:9)
  Edmund (D:6)
  2 acid dragons
  2 water moccasins (D:3)
  2 hell hounds (Gauntlet)
  2 orc warriors
  13 ice beasts
  3 black bears
  2 ogres
  8 wolves
  7 centaurs
  7 kobold brigands
  3 bullfrogs
  A scorpion (D:5)
  19 wights
  10 howler monkeys
  3 electric eels
  A bombardier beetle (D:6)
  8 bullfrog zombies (Ossuary)
  A jelly (D:4)
  An orc priest (D:4)
  A gnoll bouda (D:7)
  5 hounds
  4 iguanas
  7 mummies (Ossuary)
  2 orc wizards
  A centaur simulacrum (D:6)
  4 crocodile zombies (Ossuary)
  5 hound zombies (Ossuary)
  A killer bee simulacrum (D:6)
  2 howler monkey zombies (Ossuary)
  7 adders
  5 gnolls (D:7)
  3 shadow imps
  A white imp (D:6)
  A howler monkey simulacrum (D:6)
  2 ufetubi (D:7)
  A dart slug (D:3)
  A ribbon worm (D:2)
  27 orcs
  5 ball pythons
  10 bats
  9 endoplasms
  5 giant cockroaches
  4 goblins
  12 hobgoblins
  2 jackals (D:2)
  6 quokkas
  5 ball python zombies (Ossuary)
  5 frilled lizards
  20 kobolds
  7 rats
325 creatures vanquished.

Vanquished Creatures (others)
  An orc (D:8)
  28 fulminant prisms
29 creatures vanquished.

Grand Total: 354 creatures vanquished

Notes
Turn   | Place    | Note
-------+----------+-------------------------------------------
     0 | D:1      | Querens the Deep Elf Conjurer began the quest for the Orb.
     0 | D:1      | Reached XP level 1. HP: 10/10 MP: 6/6
   153 | D:1      | Reached XP level 2. HP: 15/15 MP: 1/8
   456 | D:1      | Learned a level 2 spell: Searing Ray
   554 | D:1      | Reached skill level 4 in Spellcasting
   579 | D:1      | Found a faded altar of an unknown god.
   592 | D:1      | Reached skill level 5 in Conjurations
   592 | D:1      | Reached XP level 3. HP: 11/19 MP: 6/10
  1118 | D:2      | Found Zuivuruph's Magic Scroll Shoppe.
  1129 | D:2      | Bought a scroll of noise for 10 gold pieces
  1129 | D:2      | Bought a scroll of identify for 20 gold pieces
  1129 | D:2      | Bought a scroll of teleportation for 30 gold pieces
  1224 | D:3      | Noticed a water moccasin
  1231 | D:3      | Killed a water moccasin
  1232 | D:3      | Reached skill level 5 in Spellcasting
  1232 | D:3      | Reached XP level 4. HP: 16/24 MP: 4/13
  1232 | D:3      | Reached XP level 5. HP: 19/28 MP: 4/15
  1343 | D:3      | Reached skill level 6 in Spellcasting
  1416 | D:3      | Noticed a water moccasin
  1428 | D:3      | Killed a water moccasin
  1429 | D:3      | Reached XP level 6. HP: 26/32 MP: 6/17
  1871 | D:4      | Reached skill level 7 in Spellcasting
  1882 | D:4      | Learned a level 4 spell: Iskenderun's Mystic Blast
  2017 | D:4      | Reached XP level 7. HP: 36/36 MP: 15/20
  2201 | D:4      | Found a shimmering altar of Xom.
  2283 | D:4      | Found a glowing golden altar of the Shining One.
  2286 | D:4      | Found a blossoming altar of Fedhas.
  2403 | D:4      | Found a bloodstained altar of Trog.
  2498 | D:5      | Entered Level 5 of the Dungeon
  2716 | D:5      | Reached skill level 8 in Spellcasting
  2748 | D:5      | Found a sacrificial altar of Ru.
  3057 | D:2      | Bought a scroll of vulnerability for 40 gold pieces
  3057 | D:2      | Bought a scroll of enchant armour for 75 gold pieces
  3057 | D:2      | Bought a scroll of fog for 40 gold pieces
  3213 | D:6      | Found a sand-covered staircase.
  3240 | D:6      | Found Muophaen's Book Emporium.
  3302 | Ossuary  | Entered an ossuary
  3316 | Ossuary  | Reached skill level 9 in Spellcasting
  3334 | Ossuary  | Reached XP level 8. HP: 9/41 MP: 8/23
  3483 | Ossuary  | Reached skill level 10 in Spellcasting
  3736 | D:6      | Found Jesuclecruj's Weapon Emporium.
  3763 | D:6      | Found a staircase to the Ecumenical Temple.
  3767 | Temple   | Entered the Ecumenical Temple
  3793 | D:6      | Noticed a cyclops
  3801 | D:6      | Found a snail-covered altar of Cheibriados.
  3904 | D:6      | Reached skill level 11 in Spellcasting
  3904 | D:6      | Reached skill level 10 in Conjurations
  3940 | D:6      | Learned a level 4 spell: Fulminant Prism
  3980 | D:6      | Noticed Edmund
  4037 | D:6      | Killed Edmund
  4038 | D:6      | Reached XP level 9. HP: 25/45 MP: 2/26
  4144 | D:6      | Found a runed translucent gate.
  4145 | D:6      | Found a runed translucent gate.
  4146 | D:6      | Found a runed translucent gate.
  4324 | D:6      | Noticed hitsuchi's ghost (novice MDCA)
  4461 | D:6      | Reached skill level 12 in Spellcasting
  4643 | D:7      | Found a hazy altar of Hepliaklqana.
  4967 | D:7      | Reached skill level 13 in Spellcasting
  5372 | D:8      | Noticed Stonecrops's ghost (novice FoFi)
  5377 | D:8      | Noticed a white ugly thing
  5397 | D:8      | Noticed Psyche
  5537 | D:8      | Learned a level 2 spell: Blink
  5591 | D:8      | Reached XP level 10. HP: 47/50 MP: 16/29
  5629 | D:8      | Found a transporter.
  5641 | D:8      | Found a transporter.
  5653 | D:8      | Reached skill level 1 in Translocations
  5692 | D:8      | Noticed Erica
  5699 | D:8      | Killed Erica
  5801 | D:8      | Killed Psyche
  6103 | D:9      | Found a radiant altar of Vehumet.
  6111 | D:9      | Became a worshipper of Vehumet
  6134 | D:9      | Reached skill level 14 in Spellcasting
  6260 | D:9      | Found Cocrunlogu's Distillery.
  6263 | D:9      | Bought a potion of curing for 36 gold pieces
  6263 | D:9      | Bought a potion of curing for 36 gold pieces
  6263 | D:9      | Bought a potion of attraction for 36 gold pieces
  6263 | D:9      | Bought a potion of brilliance for 48 gold pieces
  6293 | D:9      | Found Itarecun's Distillery.
  6334 | D:9      | Found Faocoero's Weapon Shop.
  6340 | D:9      | Found Vathu's Distillery.
  6364 | D:9      | Bought a potion of heal wounds for 70 gold pieces
  6409 | D:9      | Found Qopsiliz's Magic Scroll Boutique.
  6448 | D:9      | Reached skill level 5 in Translocations
  6458 | D:9      | Reached * piety under Vehumet
  6458 | D:9      | Offered knowledge of Shock by Vehumet.
  6484 | D:9      | Found a shimmering blue altar of Sif Muna.
  6673 | D:9      | Noticed Joseph
  6694 | D:9      | Killed Joseph
  6766 | D:10     | Entered Level 10 of the Dungeon
  6772 | D:10     | Noticed an orange demon
  6778 | D:10     | Reached skill level 15 in Spellcasting
  6778 | D:10     | Reached XP level 11. HP: 52/54 MP: 17/32
  6863 | D:10     | Found a staircase to the Lair.
  6946 | D:10     | Found a shadowy altar of Dithmenos.
  7018 | D:10     | Reached ** piety under Vehumet
  7018 | D:10     | Offered knowledge of Freeze by Vehumet.
  7650 | D:11     | Noticed a two-headed ogre
  7654 | D:11     | Noticed a soul eater
  7663 | D:11     | Killed a two-headed ogre
  7664 | D:11     | Reached skill level 16 in Spellcasting
  7666 | D:11     | Noticed a sixfirhy
  8159 | D:11     | Noticed a two-headed hydra
  8168 | D:11     | Killed a two-headed hydra
  8168 | D:11     | Offered knowledge of Frozen Ramparts by Vehumet.
  8293 | D:11     | Noticed a centaur warrior
  8304 | D:11     | Killed a centaur warrior
  8316 | D:11     | Reached XP level 12. HP: 39/59 MP: 2/34
  8328 | D:11     | Found Emyn's Antique Weapon Emporium.
  8419 | D:12     | You fall into a shaft and drop 3 floors!
  8419 | D:15     | Entered Level 15 of the Dungeon
  8493 | D:14     | Reached *** piety under Vehumet
  8607 | D:13     | Noticed a two-headed ogre
  8619 | D:13     | Noticed a boulder beetle
  8635 | D:13     | Killed a boulder beetle
  8636 | D:13     | Reached skill level 17 in Spellcasting
  8664 | D:13     | Noticed a boulder beetle
  8689 | D:13     | Found a gate leading to a gauntlet.
  8716 | Gauntlet | Entered a Gauntlet
  8716 | Gauntlet | Found a transporter.
  8716 | Gauntlet | Found a transporter.
  8725 | Gauntlet | Found a transporter.
  8728 | Gauntlet | Found a transporter.
  8741 | Gauntlet | Found a transporter.
  8744 | Gauntlet | Found a transporter.
  8756 | Gauntlet | Found a transporter.
  8772 | Gauntlet | Found a transporter.
  8776 | Gauntlet | Found a transporter.
  8796 | Gauntlet | Found a transporter.
  8806 | Gauntlet | Found a transporter.
  8810 | Gauntlet | Found a transporter.
  8811 | Gauntlet | Found a runed translucent door.
  8847 | Gauntlet | Reached skill level 15 in Conjurations
  8852 | Gauntlet | Identified the +3 ring mail of Unreason {Harm rPois Dex+2
                  | Stlth+}
  8893 | Gauntlet | Offered knowledge of Brom's Barrelling Boulder by Vehumet.
  8902 | Gauntlet | Identified the +0 hat of Eternity {rF+ Will+ Int-2}
  8913 | Gauntlet | Learned a level 6 spell: Starburst
  8933 | Gauntlet | Noticed a minotaur
  8959 | Gauntlet | Killed a minotaur
  8960 | Gauntlet | Reached skill level 10 in Translocations
  8960 | Gauntlet | Reached skill level 1 in Fire Magic
  9012 | D:13     | Mangled by a boulder beetle

Illustrated notes

Levels and vault maps discovered:
D:1:      scummos_arrival_star, layout_loops_cross,
          shapermc_ecumenical_altar_acropolis
D:2:      layout_basic, serial_shops, shop, minmay_cut_off
D:3:      layout_rooms
D:4:      layout_loops_ring, mainiacjoe_overflow_surrounded_room, trog_book,
          nicolae_overflow_squiral
D:5:      layout_gridville, mainiacjoe_overflow_cross_hatched,
          chequers_serial_rivers_small_3
D:6:      layout_loops_ring, mainiacjoe_overflow_boulevard, temple_hall_moat,
          mainiacjoe_ossuary_entry_dusty_tomb, gammafunk_ghost_icy,
          serial_shops, shop, nicolae_book_shop_shelving, uniq_edmund
D:7:      layout_loops_ring, kennysheep_little_box
D:8:      layout_layer_cave, nzn_ghost_randoct, uniq_psyche, uniq_erica
D:9:      layout_basic, lemuel_coloured_pillars_altar, vehumet_altar_wand_db,
          serial_shops, shop, shop, nicolae_shop_tiny_statue_garden, shop,
          kennysheep_mini_moat, uniq_joseph
D:10:     minmay_twisted_water, layout_loops_cross, grunt_dithmenos_smoke,
          erik_lair_island, minivault_16
D:11:     layout_loops_ring, kennysheep_diamond, hangedman_ranch
D:12:     layout_stronghold, zombieorc2_lemuel, nicolae_ashenzari_skybound,
          uniq_snorg
D:13:     layout_irregular_city, david_vaults_2, gauntlet_entry_generic
D:14:     layout_roguey, uniq_frances
D:15:     hangedman_depths_entry_try_elsewhere_first, layout_rooms
Temple:   minmay_temple_forest_path

Skill      XL: |  1  2  3  4  5  6  7  8  9 10 11 12 |
---------------+-------------------------------------+-----
Spellcasting   | 4 5 6 7 9 11 13 15 16 17 | 17.5
Conjurations   | 5 6 7 8 10 11 13 14 15 | 15.3
Translocations | 5 8 10 | 10.0
Fire Magic     | 1 |  1.1
Dodging        | |  2.4
Stealth        | |  2.4

Action                     |  1- 3 |  4- 6 |  7- 9 | 10-12 || total
---------------------------+-------+-------+-------+-------++-------
  Melee: Dagger            |    18 |    27 |    81 |       ||   126
         Unarmed           |     2 |       |       |       ||     2
         Scimitar          |       |       |       |    47 ||    47
  Throw: Dart              |       |       |       |     1 ||     1
   Cast: Magic Dart        |    50 |    10 |     8 |       ||    68
         Searing Ray       |     9 |    12 |    53 |     8 ||    82
         Iskenderun's Myst |       |       |    44 |   139 ||   183
         Fulminant Prism   |       |       |       |    28 ||    28
         Blink             |       |       |       |     1 ||     1
         Starburst         |       |       |       |     1 ||     1
  Evoke: Wand              |       |       |     2 |    42 ||    44
    Use: Scroll            |       |       |     9 |     6 ||    15
         Potion            |       |       |     2 |     8 ||    10
   Stab: Sleeping          |       |     1 |     3 |     1 ||     5
         Distracted        |       |       |     3 |       ||     3
 Armour: Robe              |    43 |    35 |   109 |   102 ||   289
         Skin              |       |       |     1 |       ||     1
  Dodge: Dodged            |    35 |    22 |   101 |    62 ||   220
  Block: Other             |       |       |    19 |    24 ||    43
         Reflection        |       |       |     1 |     7 ||     8

Table legend: (Time is in decaauts)
 A = Elapsed time spent in this place.
 B = Non-inter-level travel time spent in this place.
 C = Inter-level travel time spent in this place.
 D = Time resting spent in this place.
 E = Time spent auto-exploring this place.
 F = Levels seen in this place.
 G = Mean time per level.
                   A        B        C        D        E       F      G
               +--------+--------+--------+--------+--------+-----+--------+
         Total |   9020 |   7776 |   1244 |     83 |      0 |  18 |  501.1 |
       Dungeon |   8378 |   7134 |   1244 |     83 |      0 |  15 |  558.5 |
        Temple |      1 |      1 |      0 |      0 |      0 |   1 |    1.0 |
       Ossuary |    391 |    391 |      0 |      0 |      0 |   1 |  391.0 |
      Gauntlet |    249 |    249 |      0 |      0 |      0 |   1 |  249.0 |
               +--------+--------+--------+--------+--------+-----+--------+

Top non-repeatable levels by time:
     D:6: 1099 daAuts
    D:11: 998 daAuts
     D:8: 776 daAuts
     D:9: 760 daAuts
     D:4: 746 daAuts
     D:7: 728 daAuts
     D:1: 640 daAuts
     D:3: 600 daAuts
     D:2: 587 daAuts
    D:10: 559 daAuts
     D:5: 535 daAuts
 Ossuary: 391 daAuts
Gauntlet: 249 daAuts
    D:13: 226 daAuts
    D:14: 88 daAuts
